 Dungeon Crawl Stone Soup version 0.23.2 (webtiles) character file.

Game seed: 18204488405763348642

367 CedricTheThird the Cleaver (level 6, -1/51 HPs)
             Began as a Minotaur Fighter on Apr 10, 2019.
             Was an Initiate of Gozag.
             Slain by an ogre
             ... wielding a +0 giant spiked club
              (24 damage)
             ... on level 4 of the Dungeon.
             The game lasted 00:06:44 (2886 turns).

CedricTheThird the Cleaver (Minotaur Fighter)       Turns: 2886, Time: 00:06:44

Health: -1/51      AC: 14    Str: 21 (22) XL:     6   Next: 41%
Magic:  5/5        EV:  5    Int:  4 (5)  God:    Gozag
Gold:   253        SH: 10    Dex:  8 (10) Spells: 5/5 levels left

rFire    . . .     SeeInvis .   a - +1 war axe
rCold    . . .     Gourm    .   c - +1 shield
rNeg     . . .     Faith    .   v - +0 chain mail
rPois    .         Spirit   .   (helmet restricted)
rElec    .         Reflect  .   (no cloak)
rCorr    .         Harm     .   (no gloves)
MR       .....                  l - +2 pair of boots
Stlth    ..........             (no amulet)
HPRegen  0.17/turn              (no ring)
MPRegen  0.09/turn              (no ring)

@: no status effects
A: retaliatory headbutt, horns 2, slimy green scales 1, mutation resistance 1
a: Potion Petition, Call Merchant, Bribe Branch, Renounce Religion


You were on level 4 of the Dungeon.
You worshipped Gozag.
Gozag was aware of your devotion.
You were very full.

You visited 2 branches of the dungeon, and saw 5 of its levels.

You collected 299 gold pieces.
You paid 46 gold pieces to Gozag.

Inventory:

Hand Weapons
 a - a +1 war axe (weapon)
Armour
 c - a +1 shield (worn)
 l - a +2 pair of boots (worn)
 v - a +0 chain mail (worn)
Wands
 t - a wand of iceblast (2)
 u - a wand of enslavement (8)
Scrolls
 g - 2 scrolls of remove curse
 h - 2 scrolls of teleportation
 i - 3 scrolls of identify
 o - 3 scrolls of enchant weapon
Potions
 d - a potion of might
 k - a potion of haste
 p - 2 potions of curing
Comestibles
 f - 2 rations


   Skills:
 - Level 3.6 Fighting
 * Level 8.3 Axes
 - Level 3.6 Armour
 - Level 3.6 Shields


You had 5 spell levels left.
You didn't know any spells.
Your spell library was empty.

Dungeon Overview and Level Annotations

Branches:
Dungeon (4/15)             Temple (1/1) D:4

Altars:
Ashenzari
Cheibriados
Dithmenos
Fedhas
Gozag
Hepliaklqana
Kikubaaqudgha
Makhleb
Nemelex Xobeh
Okawaru
Qazlal
Ru
Trog
Uskayaw
Vehumet
Wu Jian
Xom
Yredelemnul
Zin
The Shining One

Annotations:
D:4 1 runed translucent door, harness's ghost, amateur DESu


Innate Abilities, Weirdness & Mutations

You reflexively headbutt those who attack you in melee.
You have a pair of horns on your head.
You are partially covered in slimy green scales. (AC +2)
You are somewhat resistant to further mutation.


Message History

The ogre shouts!
An ogre is nearby!
You slash the ogre!
You headbutt the ogre, but do no damage.
The ogre is moderately wounded.
You block the ogre's attack.
You hit the ogre but do no damage.
The ogre is moderately wounded.
The ogre hits you with a +0 giant spiked club!!
You hit the ogre. You headbutt the ogre.
The ogre is severely wounded.
The ogre closely misses you.
You hit the ogre.
The ogre is almost dead.
The ogre hits you with a +0 giant spiked club.
Your shield and chain mail prevent you from hitting the ogre.
The ogre is almost dead.
The ogre hits you with a +0 giant spiked club!!
You die...
Your body crumbles into a pile of gold.

.## #.#########.....
#.#.. ## #.####
#.######.### ## #....#
#.# #.... .# ####.# #.#
##### .# #.# #<# #.... .#
#.# ##..# .# #.# #..# .#
###.### #... .# #...@.#
#..# .# #....O# #..# ##
#.........# #..#
#.##......# #.######..#
#######..... ..........#
#####⌠...⌠#####.#
#######.###
###...#.....#...### #.#
#...⌠....>....⌠...#######
#.#
#.#...#.....#...#.......#
#.#


You could see an ogre.

Vanquished Creatures
  An ice beast (D:4)
  An orc priest (D:4)
  An orc wizard (D:4)
  A bullfrog skeleton (D:4)
  A hound skeleton (D:4)
  10 adders
  3 oozes (D:1)
  A dart slug (D:3)
  2 leopard geckos
  7 orcs (D:4)
  3 ball pythons
  4 giant cockroaches
  6 goblins
  4 hobgoblins
  2 jackals (D:2)
  2 quokkas
  7 bats
  8 frilled lizards
  5 kobolds
  5 rats
74 creatures vanquished.

Notes
Turn   | Place    | Note
-------+----------+-------------------------------------------
     0 | D:1      | CedricTheThird the Minotaur Fighter began the quest for the
                  | Orb.
     0 | D:1      | Reached XP level 1. HP: 19/19 MP: 0/0
    49 | D:1      | Reached skill level 3 in Axes
    83 | D:1      | Reached XP level 2. HP: 25/26 MP: 1/1
    94 | D:1      | Reached skill level 4 in Axes
   335 | D:1      | Reached XP level 3. HP: 31/31 MP: 2/2
   952 | D:2      | Reached skill level 5 in Axes
   977 | D:2      | Reached XP level 4. HP: 39/39 MP: 3/3
  1153 | D:2      | Found an opulent altar of Gozag.
  1717 | D:3      | Reached skill level 6 in Axes
  1841 | D:3      | Found a faded altar of an unknown god.
  2192 | D:2      | Became a worshipper of Gozag Ym Sagoz the Greedy
  2234 | D:4      | Reached XP level 5. HP: 45/45 MP: 4/4
  2238 | D:4      | Reached skill level 7 in Axes
  2255 | D:4      | Found a basalt altar of Yredelemnul.
  2296 | D:4      | Noticed an ice beast
  2307 | D:4      | Killed an ice beast
  2307 | D:4      | Reached skill level 8 in Axes
  2307 | D:4      | Reached XP level 6. HP: 33/51 MP: 5/5
  2439 | D:4      | Found a runed translucent door.
  2441 | D:4      | Noticed harness's ghost (amateur DESu)
  2472 | D:4      | Found a staircase to the Ecumenical Temple.
  2481 | Temple   | Entered the Ecumenical Temple
  2755 | D:4      | Gained mutation: You are partially covered in slimy green
                  | scales. (AC +2) [potion of mutation]
  2755 | D:4      | Gained mutation: You are somewhat resistant to further
                  | mutation. [potion of mutation]
  2886 | D:4      | Slain by an ogre

Skill      XL: |  1  2  3  4  5 |
---------------+----------------+-----
Axes           | 3 4 5 6 8 |  8.3
Fighting       | |  3.6
Armour         | |  3.6
Shields        | |  3.6

Action                   |  1- 3 |  4- 6 || total
-------------------------+-------+-------++-------
Melee: War axe           |    89 |   101 ||   190
       Headbutt          |    10 |    20 ||    30
  Use: Scroll            |       |     9 ||     9
       Potion            |       |     6 ||     6
  Eat: Chunk             |       |     3 ||     3
       Ration            |       |     3 ||     3
Armor: Scale mail        |    42 |    14 ||    56
       Chain mail        |       |    36 ||    36
Dodge: Dodged            |    29 |    18 ||    47
Block: Shield            |    53 |    48 ||   101
